Map: Tropical Sacrifice

Players

Reaper

  • Race: Zerg Zerg
  • Spawn Location: 7:00

Maplez - Winner!

  • Race: Protoss Protoss
  • Spawn Location: 1:00

Event: DreamHack SC2 Masters 2022 Atlanta (Offline)

VOD

Have the link to the VOD?

Description

Time

  • Played on: Nov. 18, 2022, 11:17 a.m.
  • Length: 12:48

All games in this series

Show
View Real Time Build Order
Export as new Build Order

Reaper Zerg 

Build Orders: Pool First 

Get SALT Encoding   

  12  0:00  Drone  
  13  0:14  Extractor  
  12  0:24  Spawning Pool  
  12  0:28  Drone  
  12  0:34  Drone  
  13  0:39  Drone  
  14  0:51  Overlord  
  15  1:11  Zergling x4  
  15  1:12  Zergling x2  
  15  1:16  Metabolic Boost  
  17  1:29  Roach Warren  
  16  1:41  Overlord  
  16  2:10  Roach x2  
  16  2:11  Roach  
  22  2:21  Overlord  
  21  2:33  Zergling x2  
  22  2:43  Zergling x2  
  23  2:47  Ravager x2  
  23  2:51  Queen  
  25  2:53  Zergling x2  
  28  3:06  Zergling x2  
  29  3:22  Ravager  
  30  3:30  Zergling x2  
  28  3:41  Zergling x2  
  28  3:49  Zergling x2  
  24  4:05  Zergling x2  
  24  4:07  Zergling x2  
  26  4:10  Queen  
  26  4:13  Drone  
  29  4:18  Hatchery  
  29  4:20  Drone  
  29  4:30  Drone  
  29  4:41  Hatchery  
  29  4:44  Overlord  
  28  4:50  Drone  
  29  5:03  Drone x3  
  32  5:08  Drone x2  
  34  5:17  Drone x2  
  36  5:26  Extractor  
  36  5:28  Drone  
  36  5:33  Queen  
  38  5:38  Drone x2  
  40  5:46  Overlord  
  40  5:52  Drone x2  
  40  5:56  Drone  
  43  6:00  Drone  
  43  6:01  Drone  
  43  6:02  Drone  
  46  6:09  Roach  
  47  6:13  Roach x2  
  51  6:18  Overlord  
  51  6:23  Roach  
  53  6:28  Zergling x6  
  53  6:29  Ravager  
  57  6:34  Zergling x2  
  57  6:36  Overlord  
  58  6:42  Zergling x2, Ravager  
  58  6:43  Zergling x2  
  58  6:44  Zergling x2  
  62  6:48  Zergling x4  
  62  6:51  Zergling x2  
  65  6:56  Zergling x4  
  65  6:58  Overlord  
  67  7:03  Overlord  
  67  7:15  Overlord  
  67  7:24  Zergling x16  
  67  7:28  Zergling x4  
  67  7:29  Ravager  
  79  7:30  Ravager  
  79  7:33  Roach  
  81  7:41  Roach x2  
  83  7:48  Zergling x2  
  83  7:49  Zergling x8  
  88  7:53  Ravager  
  88  7:55  Zergling x2  
  88  7:56  Overlord  
  90  8:00  Overlord  
  85  8:23  Zergling x8  
  84  8:31  Roach x4  
  84  8:32  Zergling x8  
  93  8:40  Zergling x2  
  93  8:50  Zergling x2  
  88  8:58  Zergling x8  
  88  8:59  Ravager x2  
  88  9:02  Queen  
  96  9:03  Zergling x2  
  94  9:10  Zergling x2  
  87  9:17  Zergling x2  
  78  9:29  Zergling x2  
  68  9:32  Zergling x12  
  68  9:37  Zergling x8  
  78  9:39  Ravager x2  
  78  9:42  Queen  
  78  9:44  Zergling x8  
  86  9:47  Ravager  
  86  9:49  Zergling x4  
  89  9:59  Drone  
  90  10:00  Drone x2  
  88  10:07  Drone x4  
  88  10:26  Drone x9  
  93  10:34  Drone x2  
  94  10:44  Drone x4  
  94  10:49  Extractor x2  
  96  10:52  Ravager  
  96  10:53  Lair  
  96  10:55  Drone  
  98  11:01  Overlord  
  98  11:02  Overlord  
  98  11:07  Overlord  
  97  11:21  Overlord x2  
  97  11:22  Roach x4  
  97  11:23  Roach  
  107  11:28  Roach  
  107  11:29  Roach  
  111  11:36  Roach x3  
  117  11:44  Roach x3  
  121  11:49  Roach  
  121  11:53  Ravager x2  
  123  11:54  Ravager  
  119  12:03  Roach x3  
  125  12:14  Roach  
  125  12:15  Roach x2  
  128  12:26  Overlord x2  
  128  12:28  Overlord  
Show
View Real Time Build Order
Export as new Build Order

Maplez Protoss - Winner!

Build Orders:  

Get SALT Encoding   

  12  0:00  Probe  
  13  0:12  Probe  
  14  0:18  Pylon  
  14  0:24  Probe  
  15  0:37  Probe (Chrono Boost)  
  15  0:39  Gateway  
  16  0:46  Probe (Chrono Boost)  
  16  0:48  Assimilator  
  17  0:51  Probe (Chrono Boost)  
  18  1:03  Probe  
  19  1:07  Pylon  
  19  1:15  Probe  
  20  1:24  Gateway  
  20  1:25  Zealot (Chrono Boost)  
  20  1:28  Cybernetics Core  
  23  1:36  Pylon  
  23  1:37  Probe  
  22  1:49  Probe  
  23  2:01  Probe  
  23  2:03  Stalker (Chrono Boost)  
  23  2:07  Shield Battery  
  28  2:16  Warp Gate (Chrono Boost)  
  28  2:17  Stalker (Chrono Boost)  
  28  2:35  Stalker  
  30  2:37  Assimilator  
  30  2:39  Shield Battery  
  30  2:46  Pylon  
  30  2:52  Shield Battery  
  30  2:58  Probe  
  31  3:08  Stalker  
  31  3:11  Shield Battery  
  33  3:33  Shield Battery  
  33  3:36  Pylon  
  31  3:44  Pylon  
  29  3:50  Gateway  
  27  3:58  Stalker x2  
  30  4:10  Shield Battery  
  29  4:20  Pylon  
  29  4:21  Sentry, Stalker  
  33  4:40  Probe  
  34  4:47  Nexus  
  34  4:52  Probe  
  35  4:54  Sentry  
  36  5:03  Robotics Facility  
  36  5:05  Probe (Chrono Boost)  
  37  5:12  Sentry  
  39  5:17  Probe (Chrono Boost)  
  40  5:25  Sentry  
  40  5:26  Probe (Chrono Boost)  
  43  5:32  Probe  
  44  5:44  Probe  
  45  5:51  Warp Prism (Chrono Boost)  
  45  5:54  Sentry  
  45  5:55  Stalker  
  45  5:56  Probe  
  52  6:02  Stalker  
  54  6:07  Probe  
  54  6:08  Probe  
  56  6:19  Probe  
  56  6:20  Probe  
  58  6:29  Twilight Council  
  58  6:31  Zealot x2, Probe  
  64  6:32  Probe  
  64  6:35  Zealot  
  66  6:43  Probe  
  66  6:44  Probe  
  68  6:57  Assimilator x2  
  70  7:02  Blink (Chrono Boost), Pylon  
  70  7:04  Pylon  
  68  7:17  Probe x2  
  68  7:21  Immortal  
  74  7:28  Pylon  
  74  7:29  Probe  
  75  7:39  Probe  
  76  7:44  Robotics Bay, Pylon  
  76  7:57  Gateway  
  75  7:59  Pylon  
  75  8:03  Immortal  
  79  8:06  Probe  
  80  8:18  Sentry  
  80  8:19  Sentry x2  
  74  8:39  Pylon  
  74  8:41  Colossus (Chrono Boost)  
  74  8:43  Extended Thermal Lance  
  80  8:48  Zealot x3  
  86  9:02  Charge (Chrono Boost)  
  86  9:05  Forge  
  86  9:07  Nexus  
  86  9:09  Pylon  
  86  9:16  Sentry x2  
  86  9:19  Zealot  
  86  9:23  Zealot  
  80  9:34  Probe x2  
  80  9:35  Colossus (Chrono Boost)  
  88  9:39  Protoss Ground Weapons Level 1 (Chrono Boost)  
  88  9:41  Pylon  
  88  9:46  Probe  
  88  9:49  Adept x3  
  88  9:51  Probe  
  94  10:02  Probe  
  95  10:15  Gateway x2  
  95  10:18  Sentry  
  95  10:19  Zealot  
  99  10:21  Colossus (Chrono Boost)  
  105  10:32  Probe  
  105  10:35  Probe  
  103  10:45  Gateway  
  103  10:46  Gateway  
  101  10:56  Zealot x2  
  105  10:58  Zealot  
  107  11:06  Pylon  
  107  11:09  Colossus (Chrono Boost), Gateway  
  113  11:13  Zealot x2  
  117  11:19  Zealot x2  
  117  11:20  Zealot  
  123  11:38  Adept x2  
  127  11:41  Adept x3  
  133  11:48  Gateway  
  133  11:50  Pylon  
  133  11:57  Stalker x3  
  133  11:59  Stalker  
  141  12:02  Sentry  
  141  12:04  Zealot x2  
  141  12:07  Sentry  
  149  12:09  Sentry  
  151  12:24  Sentry x3  
  151  12:27  Pylon  
  151  12:28  Photon Cannon, Pylon  
  145  12:41  Stalker x4  
  139  12:45  Stalker  
Tags
 
Add a new tag
Caveats
  • Supply blocks, unpowered buildings, or Contaminate may cause inaccurate times.
  • Supply counts are checked every 10 seconds.